 Dungeon Crawl Stone Soup version 0.29-a0-1016-g236c7fd91e (webtiles) character file.

Game seed: 11656701608424737832

19 kazooie the Ruffian (level 2, 0/29 HPs)
             Began as a Troll Berserker on Aug 9, 2022.
             Was a Follower of Trog.
             Slain by an adder (4 damage)
             ... on level 2 of the Dungeon.
             The game lasted 00:08:29 (819 turns).

kazooie the Ruffian (Troll Berserker)                Turns: 819, Time: 00:08:30

Health: 0/29       AC:  4    Str: 24    XL:     2   Next: 55%
Magic:  0/0        EV: 14    Int:  3    God:    Trog [*.....]
Gold:   89         SH:  0    Dex:  9    Spells: 1/1 levels left

rFire   . . .      SeeInvis .   f - +1 short sword (antimagic)
rCold   . . .      Faith    .   (no shield)
rNeg    + . .      Spirit   .   a - +0 animal skin
rPois   .          Reflect  .   (helmet restricted)
rElec   .          Harm     .   (no cloak)
rCorr   .          Rampage  .   (gloves unavailable)
Will    .....                   (boots unavailable)
Stlth   +.........              (no amulet)
HPRegen 0.89/turn               b - ring of positive energy
MPRegen 0.07/turn               n - +4 ring of evasion

@: lethally poisoned (0 -> -2)
A: large, unfitting armour, claws 3, regeneration 1, shaggy fur 1, tough skin 1
a: Renounce Religion, Berserk


You were on level 2 of the Dungeon.
You worshipped Trog.
Trog was aware of your devotion.
You visited 1 branch of the dungeon, and saw 2 of its levels.

You collected 89 gold pieces.

Inventory:

Hand Weapons
 f - a +1 antimagic short sword (weapon)
 k - a +0 dagger
 l - a +0 club
 m - a +0 dagger
 o - a +0 falchion
 p - a +0 club
 q - a +0 whip
 r - a +0 whip
 s - a +0 dagger
Missiles
 i - 7 stones (quivered)
Armour
 a - a +0 animal skin (worn)
Jewellery
 b - a ring of positive energy (left claw)
 n - a +4 ring of evasion (right claw)
Scrolls
 d - 4 scrolls of identify {unknown}
 j - a scroll of torment {unknown}
Potions
 c - a potion of ambrosia {unknown}
 e - a potion of haste {unknown}
 g - 2 potions of resistance {unknown}
 h - 2 potions of curing {unknown}


   Skills:
 + Level 2.7 Fighting
 + Level 0.1 Short Blades
 + Level 2.6 Dodging
 + Level 3.3 Unarmed Combat


You had one spell level left.
You didn't know any spells.
Your spell library was empty.

Dungeon Overview and Level Annotations

Branches:
Dungeon (2/15)

Altars:


Innate Abilities, Weirdness & Mutations

You are too large for most types of armour.
You have claws for hands.
Your natural rate of healing is unusually fast.
You are covered in fur. (AC +1)
You have tough skin. (AC +1)


Message History

The adder is severely wounded.
You feel sick. The bat misses you. The adder misses you.
The adder barely misses you.
You closely miss the adder.
The adder is severely wounded.
You feel sick. The adder bites you.
You are more poisoned.
The adder poisons you! The adder barely misses you. The bat misses you.
The adder closely misses you. The adder bites you.
You are more poisoned.
The adder poisons you! The bat barely misses you.
You barely miss the adder.
The adder is severely wounded.
You feel very sick. The bat closely misses you.
The adder completely misses you. x2
You hit the adder but do no damage.
The adder is severely wounded.
You feel sick. The bat barely misses you. The adder closely misses you.
The adder misses you. x2
You hit the adder.
The adder is severely wounded.
You feel sick. The bat barely misses you. The adder bites you.
The adder closely misses you. The adder bites you.
You closely miss the adder.
The adder is severely wounded.
You feel sick. The bat barely misses you. The adder bites you.
You are more poisoned.
The adder poisons you! The adder bites you.
* * * LOW HITPOINT WARNING * * *
You completely miss the adder.
The adder is severely wounded.
You feel very sick. The adder misses you. The adder barely misses you.
The bat hits you.
* * * LOW HITPOINT WARNING * * *
The adder bites you but does no damage. The adder bites you.
* * * LOW HITPOINT WARNING * * *
You hit the adder but do no damage. Your claw misses the adder.
The adder is severely wounded.
You feel sick. The bat closely misses you. The adder bites you.
You die...

.......
.......##
........##
.........#
.........#
....... .
#...#
....#..<#####
....(...@S..#
.......S###.#
..#.#.b## . #
#.. ....
....$ ..(...
#####.


You could see 2 adders and a bat.

Vanquished Creatures
  A bat (D:1)
  3 endoplasms (D:1)
  A giant cockroach (D:1)
  2 goblins (D:1)
  A hobgoblin (D:1)
  2 kobolds (D:1)
  2 ball pythons (D:1)
  3 frilled lizards (D:1)
  3 rats (D:1)
18 creatures vanquished.

Notes
Turn   | Place    | Note
-------+----------+-------------------------------------------
     0 | D:1      | kazooie the Troll Berserker began the quest for the Orb.
     0 | D:1      | Reached XP level 1. HP: 22/22 MP: 0/0
   267 | D:1      | Found a faded altar of an unknown god.
   298 | D:1      | Reached XP level 2. HP: 29/29 MP: 0/1
   819 | D:2      | Slain by an adder

Illustrated notes

Levels and vault maps discovered:
D:1:      dpeg_arrival_snail, layout_basic,
          hellmonk_ecumenical_altar_inner_sanctum, minmay_misc_feat_ornament,
          chequers_garden
D:2:      layout_loops_ring, basic_altar, uniq_jessica

Action                   || total
-------------------------++-------
Melee: Unarmed           ||    17
       Short sword       ||    48
       Punch             ||     2
Armor: Animal skin       ||    19
Dodge: Dodged            ||    59

Table legend: (Time is in decaauts)
 A = Elapsed time spent in this place.
 B = Non-inter-level travel time spent in this place.
 C = Inter-level travel time spent in this place.
 D = Time resting spent in this place.
 E = Time spent auto-exploring this place.
 F = Levels seen in this place.
 G = Mean time per level.
                   A        B        C        D        E       F      G
               +--------+--------+--------+--------+--------+-----+--------+
         Total |    820 |    816 |      4 |      0 |      0 |   2 |  410.0 |
       Dungeon |    820 |    816 |      4 |      0 |      0 |   2 |  410.0 |
               +--------+--------+--------+--------+--------+-----+--------+

Top non-repeatable levels by time:
     D:1: 800 daAuts
     D:2: 19 daAuts
